 Dungeon Crawl Stone Soup version 0.28-a0-529-g3bad584f25 (webtiles) character file.

Game seed: 1804578225390233531

420 ryw the Ruffian (level 6, 0/52 HPs)
             Began as a Ghoul Monk on Sept 24, 2021.
             Was a Believer of Okawaru.
             Slain by a black bear (5 damage)
             ... on level 4 of the Dungeon.
             The game lasted 00:09:07 (4328 turns).

ryw the Ruffian (Ghoul Monk)                        Turns: 4328, Time: 00:09:07

Health: 0/52       AC:  3    Str: 17    XL:     6   Next: 94%
Magic:  5/5        EV: 12    Int:  5    God:    Okawaru [**....]
Gold:   190        SH:  0    Dex: 11    Spells: 5/5 levels left

rFire   . . .      SeeInvis .     - Unarmed
rCold   + . .      Faith    .   (no shield)
rNeg    + + +      Spirit   .   a - +0 robe
rPois   ∞          Reflect  .   o - +0 helmet
rElec   .          Harm     .   (no cloak)
rCorr   .          Rampage  .   (no gloves)
Will    .....                   (no boots)
Stlth   ++........              (no amulet)
HPRegen 0.00/turn               (no ring)
MPRegen 0.09/turn               (no ring)

@: inhibited regen
A: claws 1, cold resistance 1, negative energy resistance 3, inhibited
regeneration, torment resistance 2
a: Renounce Religion, Heroism


You were on level 4 of the Dungeon.
You worshipped Okawaru.
Okawaru was pleased with you.
You visited 2 branches of the dungeon, and saw 5 of its levels.

You collected 190 gold pieces.

Inventory:

Hand Weapons
 b - a +0 hunting sling
 n - a +6 club
Missiles
 e - 20 sling bullets
 i - 31 poisoned darts (quivered)
Armour
 a - a +0 robe (worn)
 o - a +0 helmet (worn)
Wands
 h - a wand of flame (20)
Scrolls
 c - 2 scrolls of acquirement {unknown}
 d - a scroll of enchant weapon {unknown}
 f - a scroll of teleportation {unknown}
 k - a scroll of magic mapping {unknown}
 q - a scroll of enchant armour {unknown}
 r - a scroll of fog {unknown}
 s - a scroll of noise {unknown}
 t - a scroll of identify {unknown}
Potions
 g - 3 potions of curing {unknown}
 j - a potion of lignification {unknown}
 l - a potion of flight
 m - a potion of resistance {unknown}
 p - 2 potions of attraction {unknown}
 u - a potion of cancellation {unknown}


   Skills:
 + Level 4.1 Fighting
 + Level 0.2 Maces & Flails
 - Level 1.3 Slings
 + Level 3.3 Dodging
 - Level 2.1 Stealth
 - Level 7.2 Unarmed Combat


You had 5 spell levels left.
You didn't know any spells.
Your spell library contained the following spells:

 Spells                   Type           Power      Damage    Failure   Level
 Passwall                 Tmut/Erth      0%         N/A       63%         2
 Swiftness                Air            0%         N/A       85%         3
 Invisibility             Hex            0%         N/A       100%        6
 Summon Small Mammal      Summ           Unusable   N/A       N/A         1
 Call Canine Familiar     Summ           Unusable   N/A       N/A         3
 Summon Guardian Golem    Hex/Summ       Unusable   N/A       N/A         3

Dungeon Overview and Level Annotations

Branches:
Dungeon (4/15)             Temple (1/1) D:4

Altars:
Dithmenos
Elyvilon
Fedhas
Okawaru
Ru
Vehumet
Wu Jian
Yredelemnul
Zin
The Shining One


Innate Abilities, Weirdness & Mutations

You thrive by killing the living.
You are immune to poison.
You have sharp fingernails.
Your flesh is cold resistant. (rC+)
You are immune to negative energy. (rN+++)
You do not regenerate when monsters are visible.
You are immune to unholy pain and torment.


Message History

You are now empty-clawed.
The black bear bites you but does no damage.
The black bear claws you. x2
You scratch the black bear.
The black bear is lightly wounded.
You scratch the black bear.
The black bear is moderately wounded.
The black bear bites you. The black bear claws you. x2
You completely miss the black bear.
The black bear is moderately wounded.
The black bear barely misses you.
The black bear claws you but does no damage.
The black bear completely misses you.
You claw the black bear!
The black bear is heavily wounded.
The black bear completely misses you. The black bear closely misses you.
The black bear claws you.
You scratch the black bear.
The black bear is severely wounded.
The black bear bites you. The black bear claws you. x2
You claw the black bear!
The black bear is almost dead.
The black bear goes berserk!
You barely miss the black bear.
The black bear is almost dead.
The black bear bites you. The black bear misses you.
The black bear claws you but does no damage.
You fail to use your ability.
The black bear bites you. The black bear claws you.
* * * LOW HITPOINT WARNING * * *
The black bear claws you.
* * * LOW HITPOINT WARNING * * *
The black bear bites you.
* * * LOW HITPOINT WARNING * * *
The black bear closely misses you.
The black bear claws you but does no damage.
You scratch the black bear but do no damage.
The black bear is almost dead.
The black bear barely misses you. The black bear claws you.
You die...

+......>......##.
#############.##. ########
#.......#.##. #......#
#####.#####.#...# #......#
#.....# #.###.# #......#
#.#########.....# #......#
#...............# ....J..####
#################.## .$..##....#
#Jh@.......).)....##
....##.##.####.###############...
....##.#.....#.#...........# #.##
....##.#####.#.#.#########.###.#
....#....#.....#.....#.......#.##
....#...........####.#.###.#.#...
....#...........# #.#.....#.####
###.......(.# #.#######.####
#......8>8# ##.....#<..#...


You could see a black bear (berserk) and an endoplasm.

Vanquished Creatures
  Sigmund (D:2)
  A hound (D:3)
  Ijyb (D:3)
  Natasha (twice) (D:2)
  4 gnolls
  4 adders (D:3)
  3 worms
  A dart slug (D:2)
  5 orcs
  7 ball pythons
  7 bats
  4 endoplasms
  4 giant cockroaches
  7 hobgoblins
  A jackal (D:1)
  5 quokkas
  5 frilled lizards (D:2)
  11 goblins
  8 kobolds
  10 rats
  A spectral hobgoblin (D:2)
92 creatures vanquished.

Vanquished Creatures (others)
  5 plants (D:2)
5 creatures vanquished.

Grand Total: 97 creatures vanquished

Notes
Turn   | Place    | Note
-------+----------+-------------------------------------------
     0 | D:1      | ryw the Ghoul Monk began the quest for the Orb.
     0 | D:1      | Reached XP level 1. HP: 19/19 MP: 0/0
   502 | D:1      | Reached XP level 2. HP: 25/26 MP: 1/1
   602 | D:1      | Reached skill level 4 in Unarmed Combat
   766 | D:1      | Reached skill level 1 in Slings
  1074 | D:2      | Reached XP level 3. HP: 31/31 MP: 2/2
  1243 | D:2      | Noticed Sigmund
  1364 | D:2      | Found a faded altar of an unknown god.
  1551 | D:2      | HP: 1/31 [Sigmund (2)]
  1554 | D:2      | Killed Sigmund
  1555 | D:2      | Reached skill level 6 in Unarmed Combat
  1555 | D:2      | Reached XP level 4. HP: 38/38 MP: 3/3
  1555 | D:2      | Reached XP level 5. HP: 45/45 MP: 4/4
  1626 | D:2      | Noticed Natasha
  1630 | D:2      | Killed Natasha
  1689 | D:2      | Noticed Natasha
  1705 | D:2      | Killed Natasha
  1706 | D:2      | Reached XP level 6. HP: 24/51 MP: 5/5
  2218 | D:3      | Noticed Ijyb
  2229 | D:3      | Killed Ijyb
  2230 | D:3      | Reached skill level 7 in Unarmed Combat
  4258 | D:4      | Found a staircase to the Ecumenical Temple.
  4290 | D:4      | Noticed a black bear
  4294 | Temple   | Entered the Ecumenical Temple
  4299 | Temple   | Became a worshipper of Warmaster Okawaru
  4299 | Temple   | Reached * piety under Okawaru
  4299 | Temple   | Reached ** piety under Okawaru
  4328 | D:4      | Slain by a black bear

Illustrated notes

Levels and vault maps discovered:
D:1:      heliophobic_arrival_henge, layout_loops_cross, minmay_octomino_j4
D:2:      layout_basic, dreamdust_ecumenical_altar_drowned_temple,
          lexackson_kobold_supper, uniq_sigmund, uniq_natasha
D:3:      layout_basic, kennysheep_generic_room_10, uniq_ijyb
D:4:      layout_basic, temple_statues, kennysheep_orc_chapel
Temple:   grunt_wide_crystal_templ

Skill      XL: |  1  2  3  4  5  6 |
---------------+-------------------+-----
Unarmed Combat | 4 6 7 |  7.2
Slings         | 1 |  1.3
Dodging        | 3 |  3.3
Fighting       | 4 |  4.1
Maces & Flails | |  0.2
Stealth        | |  2.1

Action                   |  1- 3 |  4- 6 || total
-------------------------+-------+-------++-------
Melee: Unarmed           |    53 |    53 ||   106
       Punch             |     1 |     1 ||     2
       Club              |       |    81 ||    81
 Fire: Hunting sling     |    58 |    10 ||    68
Throw: Dart              |       |    11 ||    11
  Use: Potion            |     3 |       ||     3
 Stab: Sleeping          |     1 |     1 ||     2
Armor: Robe              |     7 |    29 ||    36
Dodge: Dodged            |    28 |    76 ||   104

Table legend: (Time is in decaauts)
 A = Elapsed time spent in this place.
 B = Non-inter-level travel time spent in this place.
 C = Inter-level travel time spent in this place.
 D = Time resting spent in this place.
 E = Time spent auto-exploring this place.
 F = Levels seen in this place.
 G = Mean time per level.
                   A        B        C        D        E       F      G
               +--------+--------+--------+--------+--------+-----+--------+
         Total |   4345 |   4275 |     70 |    886 |   2541 |   5 |  869.0 |
       Dungeon |   4334 |   4268 |     66 |    886 |   2541 |   4 | 1083.5 |
        Temple |     10 |      6 |      4 |      0 |      0 |   1 |   10.0 |
               +--------+--------+--------+--------+--------+-----+--------+

Top non-repeatable levels by time:
     D:3: 1743 daAuts
     D:2: 1305 daAuts
     D:1: 1073 daAuts
     D:4: 211 daAuts
  Temple: 10 daAuts
